 Dungeon Crawl Stone Soup version 0.28.0 (webtiles) character file.

Game seed: 16232114152677988635

529 KamiKatze the Shield-Bearer (level 7, 0/37 HPs)
             Began as a Vine Stalker Fighter on Feb 6, 2022.
             Slain by an unseen horror (5 damage)
             ... on level 5 of the Dungeon.
             The game lasted 00:10:02 (2893 turns).

KamiKatze the Shield-Bearer (Vine Stalker Fighter)  Turns: 2893, Time: 00:10:02

Health: 0/37       AC:  8    Str: 20    XL:     7   Next: 24%
Magic:  0/8        EV:  9    Int:  8    God:
Gold:   253        SH:  5    Dex: 14    Spells: 6/6 levels left

rFire   . . .      SeeInvis .   a - +2 rapier (elec)
rCold   . . .      Faith    .   c - +0 buckler
rNeg    . . .      Spirit   +   y - +0 scale mail
rPois   .          Reflect  .   (no helmet)
rElec   .          Harm     .   (no cloak)
rCorr   .          Rampage  .   (no gloves)
Will    .....                   j - +1 pair of boots
Stlth   ..........              (no amulet)
HPRegen 0.92/turn               (no ring)
MPRegen 0.11/turn               (no ring)

@: no status effects
A: fangs 2, regeneration 1, magic shield, antimagic bite, no potion heal 2
a: no special abilities


You were on level 5 of the Dungeon.
You visited 2 branches of the dungeon, and saw 6 of its levels.

You collected 253 gold pieces.

Inventory:

Hand Weapons
 a - a +2 rapier of electrocution (weapon)
 b - a +0 rapier
 w - a +0 short sword of venom
Missiles
 g - 6 poisoned darts (quivered)
 h - 53 stones
Armour
 c - a +0 buckler (worn)
 j - a +1 pair of boots (worn)
 v - a +0 plate armour
 y - a +0 scale mail (worn)
Wands
 r - a wand of paralysis (3)
 A - a wand of flame (15)
Scrolls
 f - 2 scrolls of noise
 i - a scroll of amnesia
 l - a scroll of acquirement
 m - a scroll of teleportation
 o - a scroll of enchant armour
Potions
 d - a potion of might
 e - 3 potions of haste
 n - 2 potions of lignification {unknown}
 p - 3 potions of degeneration {unknown}
 q - 2 potions of curing {unknown}
 t - a potion of mutation
 x - 2 potions of flight
 z - a potion of ambrosia


   Skills:
 + Level 4.0 Fighting
 * Level 4.6 Short Blades
 - Level 2.4 Armour
 * Level 5.1 Shields


You had 6 spell levels left.
You didn't know any spells.
Your spell library contained the following spells:

 Spells                   Type           Power      Damage    Failure   Level
 Static Discharge         Conj/Air       0%         N/A       94%         2
 Tukima's Dance           Hex            0%         N/A       99%         3
 Passage of Golubria      Tloc           0%         N/A       100%        4
 Lightning Bolt           Conj/Air       0%         1d11      100%        5
 Yara's Violent Unravell  Hex/Tmut       0%         3d3       100%        5
 Maxwell's Capacitive Co  Air            0%         ∞         100%        8


Dungeon Overview and Level Annotations

Branches:
Dungeon (5/15)             Temple (1/1) D:4

Altars:
Ashenzari
Cheibriados
Elyvilon
Fedhas
Gozag
Kikubaaqudgha
Makhleb
Qazlal
Ru
Trog
Vehumet
Wu Jian
Xom
Yredelemnul
Zin
The Shining One

Shops:
D:3 !

Annotations:
D:4 3 runed translucent doors, exclusion: 3 doors, nogo's ghost, weakling HODe


Innate Abilities, Weirdness & Mutations

You have extremely sharp teeth.
Your natural rate of healing is unusually fast.
When hurt, damage is shared between your health and your magic reserves.
Your bite disrupts and absorbs the magic of your enemies.
Potions cannot restore your health.


Message History

As you read the scroll of identify, it crumbles to dust.
t - a potion of mutation
As you read the scroll labelled KIG RIOBRO, it crumbles to dust.
The air around you briefly surges with heat, but it dissipates.
It was a scroll of immolation.
Found 9 bolts.
Found an escape hatch in the floor.
There is an escape hatch in the floor here.
A hound comes into view.
The hound bites you. x2
You hit the hound. Lightning courses through the hound!
Your bite misses the hound.
The hound is severely wounded.
The hound closely misses you.
You hit the hound but do no damage. Lightning courses through the hound!
You kill the hound!
Your Fighting skill increases to level 4!
No target in view!
No target in view!
You see here a hound corpse.
Something hits you.
Deactivating autopickup; reactivate with Ctrl-A.
Something hits you. Something hits you.
An orc comes into view. It is wielding a +0 war axe.
Something hits you!
You barely miss something.
Something hits you but does no damage. x2
Something hits you!
You hit something. Something hits you!
* * * LOW HITPOINT WARNING * * *
Something hits you.
* * * LOW HITPOINT WARNING * * *
Something hits you but does no damage. You block something's attack.
Something hits you.
* * * LOW HITPOINT WARNING * * *
Something hits you.
* * * LOW HITPOINT WARNING * * *
Something hits you!
You die...

#..# #..# ##......... #..# #..#
#........< ##..##
#..#####......##. #....####
#...##....<..### ...<....####
#......#....# ...........##
##....†.....### ...#####....##
##.......#.#.#.## ..##
###.>.####.†o.#......#.##†
...#######......@.######....#...#
......##....(.##### #.#..#####.
.............## #.#..# #
.............# #.#..#
###########..# ###.#. #..# ## #
##.# ###


You could see an orc.

Vanquished Creatures
  A scorpion (D:3)
  A water moccasin skeleton (D:3)
  3 hounds (D:5)
  An orc priest (D:4)
  A gnoll shaman (D:3)
  4 orc wizards
  An iguana (D:5)
  A hound skeleton (D:4)
  4 gnolls
  An adder (D:2)
  2 worms
  A dart slug (D:2)
  10 orcs
  5 bats
  4 endoplasms
  4 giant cockroaches
  5 goblins
  5 hobgoblins
  4 jackals
  6 quokkas
  5 ball pythons
  4 frilled lizards
  9 kobolds
  7 rats
89 creatures vanquished.

Notes
Turn   | Place    | Note
-------+----------+-------------------------------------------
     0 | D:1      | KamiKatze the Vine Stalker Fighter began the quest for the
                  | Orb.
     0 | D:1      | Reached XP level 1. HP: 11/11 MP: 2/2
   140 | D:1      | Reached XP level 2. HP: 14/16 MP: 3/3
   169 | D:1      | Reached skill level 3 in Shields
   641 | D:2      | Reached XP level 3. HP: 19/19 MP: 4/4
  1196 | D:3      | Gained mutation: Your natural rate of healing is unusually
                  | fast. [Vine Stalker growth]
  1196 | D:3      | Reached XP level 4. HP: 24/24 MP: 5/5
  1198 | D:3      | Found Ucodazxyas's Distillery.
  1690 | D:3      | Reached XP level 5. HP: 20/28 MP: 6/6
  1805 | D:4      | Found a staircase to the Ecumenical Temple.
  1880 | D:3      | Reached skill level 4 in Shields
  2003 | D:4      | Reached XP level 6. HP: 28/32 MP: 7/7
  2015 | Temple   | Entered the Ecumenical Temple
  2494 | D:4      | Found a runed translucent gate.
  2495 | D:4      | Found a runed translucent gate.
  2496 | D:4      | Found a runed translucent gate.
  2498 | D:4      | Noticed nogo's ghost (weakling HODe)
  2748 | D:5      | Entered Level 5 of the Dungeon
  2755 | D:5      | Reached XP level 7. HP: 37/37 MP: 6/8
  2805 | D:5      | Reached skill level 5 in Shields
  2814 | D:5      | Identified a scroll of acquirement
  2893 | D:5      | Slain by an unseen horror

Illustrated notes

Levels and vault maps discovered:
D:1:      zelgadis_glass_arrival_small, layout_rooms,
          chequers_serial_rivers_micro_c
D:2:      layout_rooms, serial_forest, infiniplex_forest_straight_4,
          infiniplex_forest_zigzag_1, infiniplex_forest_lined_1,
          infiniplex_forest_zigzag_1
D:3:      layout_loops_cross, serial_shops, shop_statue, grunt_decor_cap
D:4:      layout_rooms, minmay_temple_entry_grid, gammafunk_ghost_necromancy
D:5:      minmay_goblin_kobold_castle, layout_layer_cave
Temple:   nicolae_temple_elliptical

Skill      XL: |  1  2  3  4  5  6  7 |
---------------+----------------------+-----
Short Blades   | 2 3 4 |  4.6
Shields        | 3 4 5 |  5.1
Fighting       | 3 4 |  4.0
Armour         | |  2.4

Action                   |  1- 3 |  4- 6 |  7- 9 || total
-------------------------+-------+-------+-------++-------
Melee: Rapier            |    38 |   128 |    14 ||   180
       Bite              |    22 |    41 |     3 ||    66
       Short sword       |    57 |    36 |       ||    93
Throw: Dart              |     2 |       |       ||     2
  Use: Scroll            |       |       |    11 ||    11
Armor: Scale mail        |    36 |    75 |     4 ||   115
Dodge: Dodged            |    38 |    70 |     5 ||   113
Block: Buckler           |    19 |    36 |     5 ||    60
